 Dungeon Crawl Stone Soup version 0.27.1-1-g398f81649c (webtiles) character file.

Game seed: 16720478551104586684

35 acemry the Changer (level 3, 0/23 HPs)
             Began as an Octopode Transmuter on Sept 7, 2021.
             Slain by a hobgoblin (3 damage)
             ... on level 1 of the Dungeon.
             The game lasted 00:02:06 (1108 turns).

acemry the Changer (Octopode Transmuter)            Turns: 1108, Time: 00:02:06

Health: 0/23       AC:  2    Str:  9    XL:     3   Next: 33%
Magic:  4/6        EV: 19    Int: 16    God:
Gold:   32         SH:  0    Dex: 17    Spells: 2/6 levels left

rFire    . . .     SeeInvis .     - Unarmed
rCold    . . .     Faith    .   (shield currently unavailable)
rNeg     . . .     Spirit   .   (helmet currently unavailable)
rPois    x         Reflect  .   (no amulet)
rElec    .         Harm     .   b - ring of flight
rCorr    .         Rampage  .   (no ring)
Will     .....                  (no ring)
Stlth    ++........             (no ring)
HPRegen  0.07/turn              (no ring)
MPRegen  0.10/turn              (no ring)
                                (no ring)
                                (no ring)

@: spider-form (expiring), flying
A: venomous fangs, almost no armour, (amphibious), 8 rings, tiny, (camouflage
1), (gelatinous body 1), (nimble swimmer 1), (tentacles)
a: End Transformation


You were on level 1 of the Dungeon.
You were a venomous arachnid creature.
You visited 1 branch of the dungeon, and saw 1 of its levels.

You collected 32 gold pieces.

Inventory:

Jewellery
 b - a ring of flight (left front leg)


   Skills:
 - Level 1.0 Fighting
 - Level 2.0 Dodging
 - Level 3.0 Unarmed Combat
 - Level 2.0 Spellcasting
 + Level 3.5 Transmutations
 * Level 0.6 Poison Magic


You had 2 spell levels left.
You knew the following spells:

 Your Spells              Type           Power      Damage    Failure   Level
a - Beastly Appendage     Tmut           26%        N/A       14%         1
b - Spider Form           Tmut/Pois      4%         N/A       47%         3

Your spell library contained the following spells:

 Spells                   Type           Power      Damage    Failure   Level
 Wereblood                Tmut           13%        N/A       21%         2
 Ice Form                 Ice/Tmut       7%         N/A       86%         4


Dungeon Overview and Level Annotations

Branches:
Dungeon (1/15)

Altars:


Innate Abilities, Weirdness & Mutations

You are a venomous arachnid creature.
You have poisonous fangs.
You are tiny and dextrous.
Your spellcasting is less reliable in this form.
Your armour is entirely melded.
You are incapable of wielding weapons or throwing items.
You cannot wear most types of armour.
((You are amphibious.))
You can wear up to eight rings at the same time.
((Your skin changes colour to match your surroundings (Stealth+).))
((Your rubbery body absorbs attacks. (AC +1, EV +1)))
((You are camouflaged near water. (Stealth+)))
((You have tentacles for arms and can constrict up to eight enemies at once.))


Message History

The spell is extremely dangerous to cast (30% risk of failure)!
Continue anyway?
You turn into a venomous arachnid creature.
The bat hits you.
* * * LOW HITPOINT WARNING * * *
The bat misses you. The gnoll completely misses you. The bat misses you.
The bat misses you. The bat hits you.
* * * LOW HITPOINT WARNING * * *
You barely miss the giant cockroach. The gnoll closely misses you.
The bat closely misses you. The giant cockroach misses you.
The bat hits you but does no damage. The bat hits you.
* * * LOW HITPOINT WARNING * * *
The gnoll closely misses you. The giant cockroach closely misses you.
You hit the gnoll.
The gnoll is poisoned.
The gnoll is heavily wounded.
The bat closely misses you. The gnoll barely misses you.
The giant cockroach bites you but does no damage.
The bat closely misses you.
You barely miss the gnoll.
The gnoll is heavily wounded.
The bat hits you but does no damage. The giant cockroach misses you.
The gnoll misses you.
You hit the gnoll.
The gnoll looks as sick as possible!
The gnoll is severely wounded.
You kill the gnoll!
The bat closely misses you. The giant cockroach misses you.
The hobgoblin misses you.
You hit the giant cockroach but do no damage.
The giant cockroach is poisoned.
The giant cockroach bites you but does no damage.
The hobgoblin hits you.
* * * LOW HITPOINT WARNING * * *
The bat misses you.
The giant cockroach completely misses you.
You closely miss the bat.
Your transformation is almost over.
You kill the giant cockroach!
The bat completely misses you. The hobgoblin hits you.
You die...

#...# #.....#.###
####...# #.##.#.....
#......# #.....[....
#......# #..#.......
#......# #.†###.....
#......# #..........
#......# ##.###..###
#......######'###..###
#...bs).........#.....
#.....g÷........'.....
#....#..........#.....
#....#..........#.#...
######..........######
#............#
#######..#.#.####
###### #.##.#.....
#!...# #.##.######


You could see a hobgoblin and a bat.

Vanquished Creatures
  A gnoll (D:1)
  2 dart slugs (D:1)
  A ball python (D:1)
  3 endoplasms (D:1)
  2 giant cockroaches (D:1)
  4 goblins (D:1)
  2 hobgoblins (D:1)
  A quokka (D:1)
  A frilled lizard (D:1)
  A kobold (D:1)
  2 rats (D:1)
20 creatures vanquished.

Notes
Turn   | Place    | Note
-------+----------+-------------------------------------------
     0 | D:1      | acemry the Octopode Transmuter began the quest for the Orb.
     0 | D:1      | Reached XP level 1. HP: 13/13 MP: 3/3
   378 | D:1      | Found a faded altar of an unknown god.
   522 | D:1      | Reached XP level 2. HP: 18/18 MP: 3/5
   957 | D:1      | Reached XP level 3. HP: 21/23 MP: 4/6
   961 | D:1      | Learned a level 3 spell: Spider Form
  1108 | D:1      | Slain by a hobgoblin

Illustrated notes

Levels and vault maps discovered:
D:1:      minmay_arrival_doors, layout_basic, ebering_ecumenical_altar_petrified

Skill      XL: |  1  2 |
---------------+-------+-----
Transmutations | 3 |  3.5
Fighting       | |  1.0
Dodging        | |  2.0
Unarmed Combat | |  3.0
Spellcasting   | |  2.0
Poison Magic   | |  0.6

Action                   || total
-------------------------++-------
Melee: Unarmed           ||    40
       Kick              ||     7
       Constrict         ||     9
       Tentacles         ||     5
       Punch             ||     1
 Cast: Beastly Appendage ||    16
       Spider Form       ||     1
  Use: Scroll            ||     4
 Stab: Sleeping          ||     1
Armor: Skin              ||     9
Dodge: Dodged            ||    40
